 Dungeon Crawl Stone Soup version 0.25-a0-577-ga4619f4 (webtiles) character file.

Game seed: 5195503695338745484, levelgen mode: deterministic

76034 Firecrotchwizard the Warrior (level 15, -7/104 HPs)
             Began as a Gargoyle Earth Elementalist on Mar 2, 2020.
             Was a High Priest of Vehumet.
             Mangled by an ettin
             ... wielding a +0 dire flail
              (21 damage)
             ... on level 14 of the Dungeon on Mar 3, 2020.
             The game lasted 01:50:18 (29705 turns).

Firecrotchwizard the Warrior (GrEE)                Turns: 29705, Time: 01:50:18

Health: -7/104     AC: 26    Str: 15    XL:     15   Next: 52%
Magic:  25/32      EV: 12    Int: 30    God:    Vehumet [*****.]
Gold:   1675       SH:  0    Dex: 13    Spells: 13/40 levels left

rFire    + . .     SeeInvis +   O - +9 short sword of the Dwarven Hall {vamp, Int+3 Dex+3}
rCold    . . .     Gourm    .   (no shield)
rNeg     + . .     Faith    .   a - +2 leather armour of the Barber Surgeon {*Drain rF+ Str+3 Int+5}
rPois    ∞         Spirit   .   Z - +2 hat
rElec    +         Reflect  .   s - scarf {cloud immunity}
rCorr    .         Harm     .   E - +2 pair of gloves
MR       +....                  A - +2 pair of boots
Stlth    ++........             m - amulet of magic regeneration
HPRegen  0.27/turn              J - ring of wizardry {Wiz+, !d}
MPRegen  0.48/turn              U - ring of see invisible {sInv, !d}

@: flying, studying Staves
A: big wings, negative energy resistance 1, electricity resistance, unbreathing,
petrification resistance, rot immunity, AC +11
a: Stop Flying, Renounce Religion


You were on level 14 of the Dungeon.
You worshipped Vehumet.
Vehumet was extremely pleased with you.
You were not hungry.

You visited 3 branches of the dungeon, and saw 21 of its levels.

You collected 1675 gold pieces.

Inventory:

Hand Weapons
 j - a +3 dagger of venom
   (You found it on level 1 of the Dungeon)
 O - the +9 short sword of the Dwarven Hall (weapon) {vamp, Int+3 Dex+3}
   (You found it on level 13 of the Dungeon)

   It inflicts no extra harm, but heals its wielder when it wounds a living foe.
   It affects your intelligence (+3).
   It affects your dexterity (+3).
Missiles
 b - 245 stones (quivered)
 y - 10 curare-tipped darts
Armour
 a - the +2 leather armour of the Barber Surgeon (worn) {*Drain rF+ Str+3 Int+5}
   (You found it on level 5 of the Dungeon)

   It affects your strength (+3).
   It affects your intelligence (+5).
   It protects you from fire.
   It causes draining when unequipped.
   If you remove this armour, your AC will decrease by 6 (26 -> 20).
 s - a scarf of cloud immunity (worn)
   (You found it on level 3 of the Dungeon)
 A - a +2 pair of boots (worn)
   (You found it on level 8 of the Dungeon)
 D - the +6 plate armour "Vacrocit" {rElec Stlth+}
   (You took it off a human on level 13 of the Dungeon)

   It insulates you from electricity.
   It makes you more stealthy.
   If you switch to wearing this armour, your AC will increase by 14 (26 -> 40).
 E - a +2 pair of gloves (worn)
   (You found it on level 8 of the Dungeon)
 Z - a +2 hat (worn)
   (You found it on level 6 of the Lair of Beasts)
Magical Staves
 M - an uncursed staff of fire {rF+}
   (You found it on level 9 of the Dungeon)
 X - an uncursed staff of cold {rC+}
   (You found it on level 5 of the Lair of Beasts)
Jewellery
 c - an uncursed ring of protection from magic {MR+, !d}
   (You found it on level 9 of the Dungeon)
 g - an uncursed ring of protection from cold {rC+, !d}
   (You found it on level 1 of the Dungeon)
 i - an uncursed ring of fire {rF+, rC-}
   (You found it on level 14 of the Dungeon)
 m - an amulet of magic regeneration (around neck)
   (You found it on level 13 of the Dungeon)
 J - a ring of wizardry (left hand) {Wiz+, !d}
   (You found it on level 5 of the Lair of Beasts)
 U - a ring of see invisible (right hand) {sInv, !d}
   (You found it on level 4 of the Lair of Beasts)
Wands
 r - a wand of flame (79)
   (You took it off Edmund on level 6 of the Dungeon)
 v - a wand of digging (4)
   (You found it on level 4 of the Dungeon)
 G - a wand of acid (4)
   (You found it on level 2 of the Lair of Beasts)
 H - a wand of enslavement (8)
   (You found it on level 7 of the Dungeon)
 K - a wand of iceblast (5)
   (You found it on level 3 of the Lair of Beasts)
 L - a wand of paralysis (24)
   (You found it on level 9 of the Dungeon)
 N - a wand of disintegration (21)
   (You found it on level 13 of the Dungeon)
Scrolls
 f - 9 scrolls of teleportation
 h - 8 scrolls of remove curse
 t - 4 scrolls of enchant weapon
 w - a scroll of amnesia
 F - 3 scrolls of magic mapping {!r}
 R - a scroll of torment {!r}
 V - a scroll of holy word {!r}
 Y - a scroll of blinking {!r}
Potions
 e - 2 potions of resistance
 k - 5 potions of heal wounds
 l - 10 potions of lignification {!q}
 n - 4 potions of stabbing
 o - 3 potions of brilliance
 p - 8 potions of curing
 q - 3 potions of mutation {!q}
 u - 3 potions of magic
 z - 2 potions of cancellation
 C - 6 potions of ambrosia
 I - 2 potions of might
 W - a potion of invisibility
Books
 x - a manual of Staves {!d}
   (You found it on level 4 of the Dungeon)
Miscellaneous
 B - a phantom mirror
 Q - a phial of floods
   (You found it on level 3 of the Lair of Beasts)
 S - a sack of spiders
 T - a crystal ball of energy
   (You found it on level 11 of the Dungeon)
Comestibles
 d - 37 rations
 P - 9 chunks of flesh {@w0}


   Skills:
 + Level 15.8 Fighting
 - Level 10.5 Armour
 - Level 1.6 Dodging
 - Level 2.2 Stealth
 + Level 13.2 Spellcasting
 - Level 10.0 Conjurations
 - Level 0.7 Transmutations
 - Level 9.5 Earth Magic
 - Level 8.2 Evocations


You had 13 spell levels left.
You knew the following spells:

 Your Spells              Type           Power        Failure   Level  Hunger
a - Sandblast             Erth           ######       1%          1    None
b - Mephitic Cloud        Conj/Pois/Air  #####...     1%          3    None
c - Ignite Poison         Fire/Tmut/Pois ###.....     1%          3    None
d - Iskenderun's Mystic   Conj/Tloc      ######..     1%          4    None
e - Orb of Destruction    Conj           ######....   4%          7    ######.
x - Stone Arrow           Conj/Erth      ######       1%          3    None
z - Lee's Rapid Deconstr  Erth           ######....   1%          5    #......
B - Summon Butterflies    Summ           ###.....     1%          1    None

Your spell library contained the following spells:

 Spells                   Type           Power        Failure   Level  Hunger
 Ozocubu's Refrigeration  Ice            ###.......   41%         6    ####...
 Beastly Appendage        Tmut           ###...       1%          1    None
 Corona                   Hex            ###....      1%          1    None
 Shock                    Conj/Air       ####         1%          1    None
 Corpse Rot               Necr/Air       N/A          1%          2    None
 Ensorcelled Hibernation  Hex/Ice        ###...       1%          2    None
 Passwall                 Tmut/Erth      ######..     1%          2    None
 Sticks to Snakes         Tmut           ###.....     1%          2    None
 Swiftness                Chrm/Air       ###.....     1%          2    None
 Dazzling Flash           Conj/Hex       ######       1%          3    None
 Static Discharge         Conj/Air       ######..     1%          3    None
 Petrify                  Tmut/Erth      ######..     1%          4    None
 Lightning Bolt           Conj/Air       ######....   1%          5    #......
 Confusing Touch          Hex            ###.....     3%          3    None
 Spider Form              Tmut/Pois      ###.......   3%          3    None
 Tukima's Dance           Hex            ###.....     3%          3    None
 Airstrike                Air            ###.......   3%          4    None
 Ice Form                 Ice/Tmut       ###.....     11%         4    None
 Blade Hands              Tmut           ###.......   24%         5    #......
 Summon Forest            Summ/Tloc      ###.......   32%         5    #......
 Hydra Form               Tmut           ###.......   77%         6    ####...
 Eringya's Noxious Bog    Tmut/Pois      ###.......   80%         6    ####...
 Summon Hydra             Summ           ###.......   100%        7    ######.


Dungeon Overview and Level Annotations

Branches:
Dungeon (14/15)            Temple (1/1) D:5            Lair (6/6) D:8
  Swamp (0/4) Lair:4       Spider (0/4) Lair:2        Slime (0/5) Lair:5
    Orc (0/2) D:9          Vaults (0/5) D:13

Altars:
Ashenzari
Cheibriados
Dithmenos
Elyvilon
Fedhas
Gozag
Hepliaklqana
Kikubaaqudgha
Makhleb
Nemelex Xobeh
Okawaru
Qazlal
Ru
Sif Muna
Trog
Uskayaw
Vehumet
Wu Jian
Xom
Yredelemnul
Zin
The Shining One

Shops:
D:8 =   D:9 [

Portals:
Trove: D:14 (give 9 potions of stabbing)

Annotations:
Lair:2 exclusion: 2 oklob plants
Lair:3 Gastronok
Lair:5 3 runed translucent doors, Usosor's ghost, journeyman TrHu
Lair:6 exclusion: hydra


Innate Abilities, Weirdness & Mutations

You are resistant to torment.
Your stone body is resilient. (AC +11)
You are immune to poison.
Your large and strong wings let you fly indefinitely.
You resist negative energy. (rN+)
You are resistant to electric shocks. (rElec)
You can survive without breathing.
You are immune to petrification.
You are immune to rotting.


Message History

Aim: a hornet shaped shifter (severely wounded)
The blast of sand hits the hornet!!
You kill the hornet!
Vehumet accepts your kill.
You feel your power returning.
b - 249 stones The wraith hits you but does no damage.
MP restored: 32 You hit the wraith.
The wraith hits you! The wraith drains your vigour!
You feel yourself slow down.
An ettin comes into view. It is wielding two +0 dire flails.
You take 9 damage, and have 78/104 hp.
Aim: a wraith (lightly damaged)
The blast of sand misses the wraith.
b - 248 stones The ettin shouts in stereo!
The wraith closely misses you. The wraith hits you but does no damage.
Aim: a wraith (lightly damaged)
The blast of sand hits the wraith!
b - 247 stones The wraith closely misses you.
You now have 31/32 mp.
Aim: a wraith (heavily damaged)
The blast of sand hits the wraith!!
You destroy the wraith!
Vehumet accepts your kill.
You feel your power returning.
b - 246 stones MP restored: 32
Aim: an ettin, wielding two +0 dire flails The blast of sand hits the ettin!
b - 245 stones
Aim: an ettin, wielding two +0 dire flails (lightly wounded)
The stone arrow hits the ettin!
The ettin misses you. The ettin barely misses you.
You now have 30/32 mp.
Aim: an ettin, wielding two +0 dire flails (moderately wounded)
The stone arrow hits the ettin.
The ettin hits you but does no damage. The ettin completely misses you.
The ettin hits you but does no damage. The ettin barely misses you.
You now have 28/32 mp.
Aim: an ettin, wielding two +0 dire flails (moderately wounded)
The stone arrow hits the ettin!!
The ettin completely misses you.
The ettin hits you with a +0 dire flail!
You take 9 damage, and have 71/104 hp.
You now have 25/32 mp.
Aim: an ettin, wielding two +0 dire flails (severely wounded)
The stone arrow hits the ettin!
You feel yourself speed up. The ettin hits you but does no damage.
The ettin hits you with a +0 dire flail!!
You take 19 damage, and have 52/104 hp.
You now have 23/32 mp.
Aim: an ettin, wielding two +0 dire flails (almost dead)
The stone arrow hits the ettin!
You kill the ettin!
Vehumet accepts your kill.
You feel your power returning.
Items here: ( ))) † a +0 dire flail x2; a +0 shortbow; 12 arrows; a centaur corpse You butcher the centaur corpse.
P - 4 chunks of flesh {@w0}
Items here: ( ))) ÷ a +0 dire flail x2; a +0 shortbow; 12 arrows; a centaur skeleton
Items here: ( )) † a +0 shortbow; a +0 vorpal shortbow; 31 arrows; a centaur corpse You butcher the centaur corpse.
P - 9 chunks of flesh {@w0} (gained 5)
Items here: ( )) ÷ a +0 shortbow; a +0 vorpal shortbow; 31 arrows; a centaur skeleton
Things that are here:
a +0 shortbow; 19 arrows There isn't anything to butcher here.
You start resting.
An ettin comes into view. It is wielding two +0 dire flails.
You regained 6 hp, and now have 60/104 hp.
MP restored: 32
Okay, then.
Aim: an ettin, wielding two +0 dire flails (hasn't noticed you)
The ball explodes into a vile cloud!
The stinking cloud engulfs the ettin but does no damage.
The ettin shouts in stereo!
The stinking cloud engulfs you but does no damage.
The ettin is engulfed in noxious fumes.
The ettin hits you but does no damage.
The ettin hits you with a +0 dire flail!
You take 14 damage, and have 46/104 hp.
You now have 29/32 mp.
The ettin is engulfed in noxious fumes.
Aim: an ettin, wielding two +0 dire flails (noxious fumes)
The stone arrow hits the ettin!
A frost giant comes into view.
It is wielding a +2 battleaxe of freezing.
The ettin is engulfed in noxious fumes.
The ettin appears confused.
The ettin hits you but does no damage.
The ettin hits you with a +0 dire flail.
You take 1 damage, and have 46/104 hp.
You now have 27/32 mp.
Aim: an ettin, wielding two +0 dire flails (noxious fumes, lightly wounded, confused)
The stone arrow hits the ettin!
The frost giant shouts!
The ettin is engulfed in noxious fumes.
The ettin hits you with a +0 dire flail!!
* * * LOW HITPOINT WARNING * * *
The ettin hits you with a +0 dire flail!!
You die...

..# .. ).. #.# . #... .)
.#.. # #.... .. ..#.# #
#.... .###...#.### #
#<..## .°...)##...####
#....####§☼....#..#.##..
#....$.)C.°..###........
#......@)#####.....)....
#.....(.....C.........?.
#..(.(..#.####.##.......
####.####.# #..........
#.# .# #..#....... #.#
.# #.########. #.# .#
#.# #.... #.# .#
#.#####.##. #.#
#.#....>##.


You could see a frost giant and an ettin (confused).

Vanquished Creatures
  Nessos (Lair:6)
  An ettin (D:14)
  2 fire dragons
  Fannar (D:10)
  2 vault guards (D:13)
  8 hydras
  A catoblepas (Lair:6)
  Erica (Lair:1)
  4 two-headed ogres
  5 death yaks
  A tengu warrior (D:13)
  Urug (D:11)
  3 unseen horrors
  A swamp dragon (Lair:6)
  A deep elf mage (D:14)
  A wolf spider zombie (D:12)
  9 ugly things
  A manticore (D:14)
  A cyclops (D:11)
  16 elephants
  5 black mambas
  A torpor snail (Lair:2)
  A gargoyle (D:10)
  13 spiny frogs
  Psyche (D:12)
  An efreet (D:14)
  3 rime drakes
  3 kobold demonologists
  A tengu conjurer (D:13)
  8 komodo dragons
  A hornet (shapeshifter) (D:14)
  Grinder (D:6)
  5 trolls
  Prince Ribbit (D:7)
  17 hippogriffs
  2 dream sheep (Lair:3)
  21 blink frogs
  Sigmund (D:6)
  3 shadows
  5 wraiths
  2 redbacks
  35 yaks
  4 basilisks
  2 hungry ghosts
  3 wyverns (Lair:4)
  10 humans (D:13)
  2 steam dragons
  2 vampire mosquitoes (D:14)
  A harpy simulacrum (D:12)
  2 swamp worms (Lair:4)
  Edmund (D:6)
  7 water moccasins
  9 porcupines
  Duvessa (D:7)
  3 acid dragons
  7 orc warriors
  3 swamp drakes (Lair:6)
  3 ice beasts
  6 phantoms
  2 sky beasts
  2 necrophages
  2 black bears (D:12)
  4 ogres
  An eye of draining (D:12)
  24 wolves
  11 centaurs
  14 crocodiles
  13 big kobolds
  14 bullfrogs
  Dowan (D:7)
  7 scorpions
  3 wyvern skeletons
  A wight (D:11)
  4 killer bees
  An electric eel (Lair:6)
  4 howler monkeys
  10 crimson imps
  3 bullfrog zombies
  3 quasits
  4 centaur zombies
  3 hounds
  7 jellies
  16 orc wizards
  3 bullfrog skeletons
  6 orc priests
  3 centaur skeletons
  7 iguanas
  Natasha (thrice) (D:3)
  Terence (D:3)
  9 worker ants
  A hound skeleton (D:11)
  Robin (D:3)
  4 gnolls
  15 adders
  3 shadow imps
  4 oozes
  An adder zombie (D:6)
  3 dart slugs
  4 leopard geckos
  56 orcs
  8 giant cockroaches
  17 goblins
  8 hobgoblins
  8 jackals
  18 kobolds
  9 quokkas
  3 ball pythons
  12 bats
  8 frilled lizards
  A giant cockroach zombie (D:5)
  A jackal zombie (D:8)
  A leopard gecko skeleton (D:6)
  A quokka skeleton (D:9)
  7 rats
638 creatures vanquished.

Vanquished Creatures (others)
  A yak (Lair:5)
  A water moccasin (Lair:5)
  A bush (Lair:2)
  9 fungi
  11 plants
23 creatures vanquished.

Grand Total: 661 creatures vanquished

Notes
Turn   | Place    | Note
-------+----------+-------------------------------------------
     0 | D:1      | Firecrotchwizard the Gargoyle Earth Elementalist began the
                  | quest for the Orb.
     0 | D:1      | Reached XP level 1. HP: 10/10 MP: 3/3
   420 | D:1      | Reached XP level 2. HP: 16/16 MP: 5/5
   571 | D:1      | Reached skill level 1 in Fighting
   595 | D:1      | Reached skill level 4 in Earth Magic
   905 | D:1      | Reached XP level 3. HP: 17/20 MP: 6/6
   910 | D:1      | Learned a level 3 spell: Stone Arrow
  1389 | D:2      | Reached skill level 2 in Fighting
  1389 | D:2      | Reached XP level 4. HP: 23/26 MP: 1/8
  1829 | D:2      | Reached skill level 3 in Spellcasting
  2121 | D:2      | Reached XP level 5. HP: 31/31 MP: 9/9
  2379 | D:3      | Reached skill level 5 in Earth Magic
  2507 | D:3      | Reached skill level 3 in Fighting
  2507 | D:3      | Reached skill level 1 in Conjurations
  2551 | D:3      | Noticed Terence
  2578 | D:3      | Killed Terence
  2766 | D:3      | Learned a level 5 spell: Lee's Rapid Deconstruction
  2804 | D:3      | Reached XP level 6. HP: 37/37 MP: 11/11
  2819 | D:3      | Noticed Natasha
  2828 | D:3      | Killed Natasha
  2959 | D:3      | You fall into a shaft and drop 2 floors!
  2959 | D:5      | Entered Level 5 of the Dungeon
  3105 | D:5      | HP: 6/37 [orc wizard/magic dart (10)]
  3133 | D:5      | Reached skill level 2 in Conjurations
  3384 | D:5      | Found a staircase to the Ecumenical Temple.
  3397 | Temple   | Entered the Ecumenical Temple
  3703 | D:5      | Got a spiked leather armour
  3714 | D:5      | Identified the +2 leather armour of the Barber Surgeon
                  | {*Drain rF+ Str+3 Int+5} (You found it on level 5 of the
                  | Dungeon)
  3777 | D:4      | Noticed a phantom
  3784 | D:4      | Killed a phantom
  3887 | D:4      | Reached XP level 7. HP: 42/42 MP: 12/12
  4082 | D:3      | Noticed Robin
  4086 | D:3      | Killed Robin
  4150 | D:3      | Reached skill level 4 in Fighting
  4150 | D:3      | Reached skill level 4 in Spellcasting
  4214 | D:3      | Noticed Natasha
  4223 | D:3      | Killed Natasha
  4316 | D:3      | Noticed Natasha
  4325 | D:3      | Killed Natasha
  4325 | D:3      | Reached skill level 6 in Earth Magic
  4454 | D:4      | Reached skill level 3 in Conjurations
  4626 | D:4      | Reached XP level 8. HP: 44/48 MP: 8/14
  4652 | D:4      | Reached skill level 5 in Fighting
  4652 | D:4      | Reached skill level 4 in Conjurations
  4929 | D:4      | Reached skill level 7 in Earth Magic
  5251 | D:5      | Reached skill level 5 in Spellcasting
  6130 | D:6      | Found a glowing golden altar of the Shining One.
  6138 | D:6      | Found a sparkling altar of Nemelex Xobeh.
  6200 | D:6      | Reached skill level 5 in Conjurations
  6470 | D:6      | Reached skill level 6 in Fighting
  6699 | D:6      | Noticed Edmund
  6708 | D:6      | Killed Edmund
  6708 | D:6      | Reached XP level 9. HP: 55/55 MP: 6/17
  6996 | D:6      | Noticed Sigmund
  7030 | D:6      | Found an opulent altar of Gozag.
  7036 | D:6      | Killed Sigmund
  7036 | D:6      | Reached skill level 8 in Earth Magic
  7292 | D:6      | Noticed Grinder
  7292 | D:6      | Noticed a troll
  7318 | D:6      | Killed a troll
  7318 | D:6      | Reached skill level 6 in Spellcasting
  7318 | D:6      | Reached skill level 6 in Conjurations
  7365 | D:6      | Killed Grinder
  7365 | D:6      | Reached skill level 7 in Fighting
  7657 | D:7      | Noticed Duvessa
  7694 | D:7      | Killed Duvessa
  7852 | D:7      | Reached skill level 9 in Earth Magic
  7888 | D:7      | Noticed Dowan
  7896 | D:7      | Killed Dowan
  8013 | D:7      | Reached XP level 10. HP: 58/63 MP: 17/20
  8265 | D:7      | Noticed Prince Ribbit
  8270 | D:7      | Killed Prince Ribbit
  8270 | D:7      | Reached skill level 7 in Conjurations
  8305 | D:7      | Found a bloodstained altar of Trog.
  8306 | D:7      | Found an iron altar of Okawaru.
  8505 | D:7      | Found a shimmering blue altar of Sif Muna.
  8517 | D:7      | Identified Sif Muna's Grimoire of Calling
  8525 | D:7      | Found an ancient bone altar of Kikubaaqudgha.
  8542 | D:7      | Found a radiant altar of Vehumet.
  8555 | D:7      | Became a worshipper of Vehumet
  8799 | D:8      | Got a scorched flail
  8800 | D:8      | Identified the +8 flail of Gyduf {antimagic, rN+ SInv} (You
                  | found it on level 8 of the Dungeon)
  8903 | D:8      | Reached skill level 7 in Spellcasting
  8952 | D:8      | Reached skill level 8 in Fighting
  9215 | D:8      | Found a stormy altar of Qazlal.
  9216 | D:8      | Found Sueg's Jewellery Shop.
  9281 | D:8      | Upgraded the game from 0.25-a0-576-g50b708a to
                  | 0.25-a0-577-ga4619f4
  9518 | D:8      | Reached * piety under Vehumet
  9518 | D:8      | Offered knowledge of Freeze by Vehumet.
  9524 | D:8      | Found a staircase to the Lair.
  9585 | D:8      | Reached skill level 1 in Armour
  9761 | D:9      | Found a shimmering altar of Xom.
  9762 | D:9      | Found a shimmering altar of Xom.
  9855 | D:9      | Found a snail-covered altar of Cheibriados.
  9975 | D:9      | You fall into a shaft and drop 1 floor!
  9975 | D:10     | Entered Level 10 of the Dungeon
  9981 | D:10     | Reached skill level 2 in Armour
  9981 | D:10     | Reached skill level 8 in Conjurations
 10167 | D:9      | Found an ornate altar of the Wu Jian Council.
 10623 | D:9      | Found a staircase to the Orcish Mines.
 10789 | D:9      | Noticed a two-headed ogre
 10796 | D:9      | Killed a two-headed ogre
 10796 | D:9      | Reached skill level 3 in Armour
 10799 | D:9      | Reached skill level 8 in Spellcasting
 10897 | D:9      | Found Baniv's Antique Armour Shoppe.
 11010 | D:9      | Offered knowledge of Magic Dart by Vehumet.
 11010 | D:9      | Reached skill level 4 in Armour
 11021 | D:9      | Reached ** piety under Vehumet
 11056 | D:9      | Found a shimmering altar of Xom.
 11059 | D:9      | Found a shimmering altar of Xom.
 11059 | D:9      | Found a shimmering altar of Xom.
 11309 | D:10     | Noticed Fannar
 11369 | Lair:1   | Entered Level 1 of the Lair of Beasts
 11431 | Lair:1   | Noticed a spiny frog
 11436 | Lair:1   | Killed a spiny frog
 11436 | Lair:1   | Reached skill level 9 in Fighting
 11436 | Lair:1   | Reached XP level 11. HP: 71/71 MP: 15/23
 11573 | Lair:1   | Noticed a six-headed hydra
 11578 | Lair:1   | Killed a six-headed hydra
 11578 | Lair:1   | Reached skill level 5 in Armour
 11908 | Lair:1   | Noticed a five-headed hydra
 11923 | Lair:1   | Killed a five-headed hydra
 12190 | Lair:1   | Reached skill level 6 in Armour
 12213 | Lair:1   | Reached skill level 9 in Spellcasting
 12215 | Lair:1   | Reached skill level 10 in Fighting
 13099 | Lair:2   | Noticed Erica
 13242 | Lair:2   | Noticed a death yak
 13432 | Lair:1   | Killed Erica
 13432 | Lair:1   | Reached skill level 7 in Armour
 13680 | Lair:2   | Killed a death yak
 13680 | Lair:2   | Reached XP level 12. HP: 30/79 MP: 0/25
 14197 | Lair:2   | Offered knowledge of Mephitic Cloud by Vehumet.
 14399 | Lair:2   | Learned a level 3 spell: Mephitic Cloud
 14528 | Lair:2   | Reached skill level 11 in Fighting
 14528 | Lair:2   | Reached skill level 8 in Armour
 14541 | Lair:2   | Reached skill level 10 in Spellcasting
 14665 | Lair:2   | Reached *** piety under Vehumet
 14731 | Lair:2   | Got a shimmering flail
 14732 | Lair:2   | Identified the cursed +1 flail of the Warrior-Mage {holy,
                  | rElec rPois rF- SInv} (You found it on level 2 of the Lair
                  | of Beasts)
 14741 | Lair:2   | Learned a level 1 spell: Summon Butterflies
 14932 | Lair:2   | Found a hole to the Spider Nest.
 15623 | Lair:3   | Reached skill level 1 in Evocations
 15945 | Lair:3   | Reached skill level 9 in Armour
 15954 | Lair:3   | Reached skill level 2 in Evocations
 16075 | Lair:3   | Noticed Gastronok
 16165 | Lair:3   | Noticed a fire dragon
 16178 | Lair:3   | Killed a fire dragon
 16413 | Lair:3   | Offered knowledge of Ignite Poison by Vehumet.
 16473 | Lair:3   | Noticed a death yak
 16487 | Lair:3   | Reached skill level 3 in Evocations
 16493 | Lair:3   | Killed a death yak
 16493 | Lair:3   | Reached skill level 12 in Fighting
 16516 | Lair:3   | Noticed an eight-headed hydra
 16525 | Lair:3   | Killed an eight-headed hydra
 17151 | Lair:4   | Reached XP level 13. HP: 86/86 MP: 11/27
 17159 | Lair:4   | Learned a level 3 spell: Ignite Poison
 17236 | Lair:4   | Reached skill level 10 in Armour
 17236 | Lair:4   | Reached skill level 4 in Evocations
 17679 | Lair:4   | Reached **** piety under Vehumet
 18189 | Lair:4   | Offered knowledge of Iskenderun's Mystic Blast by Vehumet.
 18195 | Lair:4   | Learned a level 4 spell: Iskenderun's Mystic Blast
 18577 | Lair:4   | Reached skill level 5 in Evocations
 18662 | Lair:4   | Found a staircase to the Swamp.
 19148 | Lair:5   | Found a staircase to the Slime Pits.
 19465 | Lair:5   | Reached skill level 13 in Fighting
 19716 | Lair:5   | Found a runed translucent gate.
 19716 | Lair:5   | Found a runed translucent gate.
 19716 | Lair:5   | Found a runed translucent gate.
 19729 | Lair:5   | Noticed a minotaur
 19730 | Lair:5   | Noticed Usosor's ghost (journeyman TrHu)
 19731 | Lair:5   | Found the +6 shillelagh "Devastator" {shatter}
 20009 | Lair:5   | Reached skill level 6 in Evocations
 20553 | Lair:6   | Entered Level 6 of the Lair of Beasts
 20754 | Lair:6   | Reached skill level 11 in Spellcasting
 20977 | Lair:5   | HP: 21/88 [death yak (3)]
 21276 | Lair:6   | Noticed Nessos
 21295 | Lair:6   | Killed Nessos
 21295 | Lair:6   | Reached ***** piety under Vehumet
 21295 | Lair:6   | Reached skill level 7 in Evocations
 21295 | Lair:6   | Gained mutation: Your large and strong wings let you fly
                  | indefinitely. [Gargoyle growth]
 21295 | Lair:6   | Reached XP level 14. HP: 88/95 MP: 29/29
 21519 | Lair:6   | Offered knowledge of Orb of Destruction by Vehumet.
 22037 | Lair:5   | Reached skill level 14 in Fighting
 22642 | Lair:6   | Learned a level 7 spell: Orb of Destruction
 23094 | Lair:6   | Reached skill level 8 in Evocations
 24175 | D:10     | Killed Fannar
 24674 | D:10     | Reached skill level 12 in Spellcasting
 25471 | D:11     | Noticed Urug
 25476 | D:11     | Killed Urug
 26051 | D:11     | Offered knowledge of Hailstorm by Vehumet.
 26060 | D:11     | Reached skill level 9 in Conjurations
 26908 | D:12     | Found a gate leading to a gauntlet.
 27006 | D:12     | Reached skill level 15 in Fighting
 27085 | D:12     | Reached XP level 15. HP: 102/103 MP: 31/31
 27365 | D:12     | Found the +5 scythe "Finisher" {speed, eviscerate}
 27973 | D:12     | Noticed Psyche
 27981 | D:12     | Killed Psyche
 28633 | D:13     | Got an ebony short sword
 28634 | D:13     | Identified the +9 short sword of the Dwarven Hall {vamp,
                  | Int+3 Dex+3} (You found it on level 13 of the Dungeon)
 28704 | D:13     | Identified the +6 plate armour "Vacrocit" {rElec Stlth+}
 28710 | D:13     | Reached skill level 10 in Conjurations
 28711 | D:13     | Offered knowledge of Ozocubu's Refrigeration by Vehumet.
 28809 | D:13     | Found a gate to the Vaults.
 28843 | D:13     | Found a bloodstained altar of Trog.
 29421 | D:14     | Reached skill level 13 in Spellcasting
 29579 | D:14     | Found a portal to a secret trove of treasure.
 29704 | D:14     | Noticed a frost giant
 29705 | D:14     | HP: 14/104 [ettin/+0 dire flail (32)]
 29705 | D:14     | Mangled by an ettin

Levels and vault maps discovered:
D:1:      eino_arrival_tree_alley, layout_basic
D:2:      layout_loops_ring, serial_bayou_ford_a, minmay_tripent
D:3:      layout_loops_ring, uniq_natasha, uniq_robin, uniq_terence
D:4:      layout_basic, serial_corexii_hall, chequers_hall_statues_wall_a,
          corexii_hall_statues_l, minmay_manual_mail
D:5:      layout_layer_cave, minmay_temple_entry_arrows, first_ration,
          serial_rivers, chequers_serial_rivers_marsh,
          chequers_serial_rivers_micro_e, chequers_serial_rivers_micro_a,
          chequers_serial_rivers_micro_c, chequers_serial_rivers_room_b,
          chequers_serial_rivers_small_b, uniq_crazy_yiuf_cottage
D:6:      layout_basic, chequers_temple_overflow_statue_of_worship,
          uniq_sigmund, uniq_edmund, uniq_grinder
D:7:      layout_gridville, grunt_temple_overflow_bloody_war,
          palyth_temple_overflow_mages, hangedman_minor_gate_pass,
          uniq_prince_ribbit1, uniq_duvessa
D:8:      layout_loops_ring, kennysheep_mini_moat, dpeg_oklobed_lair,
          serial_shops, shop
D:9:      layout_stronghold, xom_redecorated, lemuel_doored_altar, orc_0_dummy,
          serial_shops, shop, basic_altar
D:10:     layout_rooms, blue_anna_alchemist [blue_anna_fruit_fields,
          blue_anna_fruit_fields], uniq_fannar
D:11:     minmay_the_grid_octo_tiled_squarecenter
          [minmay_the_grid_octo_fan_narrow, minmay_the_grid_octo_toaster,
          minmay_the_grid_octo_clover_2, minmay_the_grid_octo_focus,
          minmay_the_grid_square_5x5_megaprize_hollow,
          minmay_the_grid_square_5x5_tetrominoes,
          minmay_the_grid_square_5x5_spiral_small,
          minmay_the_grid_square_5x5_hollow_slash,
          minmay_the_grid_square_5x5_minimal], layout_basic, uniq_urug
D:12:     layout_basic, gauntlet_entry_generic, minmay_guarded_unrand_finisher,
          uniq_psyche
D:13:     layout_gridville, ximxim_vaults_locker_room, basic_altar
D:14:     cross_vault, layout_rooms, nicolae_trove_entry_columns, serial_shops,
          nicolae_shop_window_shopping, minmay_radiant
Temple:   minmay_temple_curvy_loop
Lair:1:   layout_layer_cave, grunt_forest_small_clearings
Lair:2:   layout_big_grid, spider_nest_entry_webs, minmay_lair_oklob_chamber,
          grunt_megastairs_5, uniq_erica
Lair:3:   dragon1_lemuel, layout_regular_city, hangedman_lair_generics_rect,
          uniq_gastronok
Lair:4:   layout_hall_layers, palyth_hydra_swamp_entry, st_stairs_9
Lair:5:   layout_regular_city, nicolae_slime_entry_slimehenge,
          maelrawn_ghost_gauntlet_escape, grunt_megastairs_2
Lair:6:   guppyfry_lair_end_dragon, layout_small_grid, serial_bayou_shore_a,
          uniq_nessos

Skill      XL: |  1  2  3  4  5  6  7  8  9 10 11 12 13 14 15 |
---------------+----------------------------------------------+-----
Fighting       | 1 2 3 4 6 7 9 10 12 13 15 | 15.8
Earth Magic    | 4 5 6 7 9 |  9.5
Spellcasting   | 3 4 5 6 8 9 10 11 12 13 | 13.2
Conjurations   | 1 2 3 5 6 8 9 10 | 10.0
Armour         | 4 7 9 10 | 10.5
Evocations     | 3 7 8 |  8.2
Dodging        | |  1.6
Stealth        | |  2.2
Transmutations | |  0.7

Action                   |  1- 3 |  4- 6 |  7- 9 | 10-12 | 13-15 || total
-------------------------+-------+-------+-------+-------+-------++-------
Melee: Unarmed           |    64 |       |       |       |       ||    64
       Dagger            |    97 |   131 |   273 |   266 |   572 ||  1339
       Scimitar          |       |       |       |    34 |     3 ||    37
       Short sword       |       |       |       |       |   168 ||   168
       Scythe            |       |       |       |       |    12 ||    12
Throw: Stone             |     3 |    10 |     3 |     1 |     3 ||    20
 Cast: Sandblast         |    12 |    33 |    73 |    96 |   139 ||   353
       Stone Arrow       |       |     3 |    12 |   192 |   328 ||   535
       Lee's Rapid Decon |       |       |     1 |     7 |    61 ||    69
       Mephitic Cloud    |       |       |       |     1 |     4 ||     5
       Iskenderun's Myst |       |       |       |       |     4 ||     4
       Summon Butterflie |       |       |       |       |     1 ||     1
 Abil: Evoke Flight      |       |       |       |       |     1 ||     1
       Fly               |       |       |       |       |     1 ||     1
Evoke: Wand              |       |       |       |     3 |    19 ||    22
  Use: Scroll            |     3 |     5 |     2 |    17 |    14 ||    41
 Stab: Sleeping          |     6 |     9 |       |     1 |     2 ||    18
       Distracted        |       |       |     1 |       |     1 ||     2
       Paralysed         |       |       |       |       |    12 ||    12
  Eat: Chunk             |     2 |     6 |     9 |    22 |    37 ||    76
       Ration            |       |     1 |     1 |     2 |     4 ||     8
Armor: Robe              |    84 |    32 |       |       |       ||   116
       Leather armour    |       |       |   150 |   274 |   683 ||  1107
Dodge: Dodged            |   142 |    91 |   158 |   283 |   622 ||  1296
       Rpst.: Scimitar   |       |       |       |    11 |     2 ||    13

Table legend:
 A = Non-vault XP
 B = Vault XP
 C = Vault XP percentage of total XP
 D = Non-vault monster count
 E = Vault monster count
 F = Vault count percentage of total count
                 A         B        C        D         E       F
            +---------+---------+-------+---------+---------+-------
      Total |   77282 |   31339 |  28.9 |     510 |     129 |  20.2
            +---------+---------+-------+---------+---------+-------
        D:1 |      53 |       0 |   0.0 |      30 |       0 |   0.0
        D:2 |     110 |       3 |   2.7 |      22 |       2 |   8.3
        D:3 |     269 |     107 |  28.5 |      24 |      13 |  35.1
        D:4 |     766 |     173 |  18.4 |      17 |       4 |  19.0
        D:5 |     320 |       0 |   0.0 |      16 |       0 |   0.0
        D:6 |    1382 |     660 |  32.3 |      28 |       3 |   9.7
        D:7 |     752 |     844 |  52.9 |      20 |      11 |  35.5
        D:8 |    1126 |       0 |   0.0 |      27 |       0 |   0.0
        D:9 |    2411 |       0 |   0.0 |      29 |       0 |   0.0
       D:10 |    3476 |    1052 |  23.2 |      29 |       2 |   6.5
       D:11 |    2820 |    5301 |  65.3 |      15 |      23 |  60.5
       D:12 |    7484 |    1052 |  12.3 |      39 |       4 |   9.3
       D:13 |    3248 |    3871 |  54.4 |      26 |      12 |  31.6
       D:14 |    8228 |    1463 |  15.1 |      31 |       2 |   6.1
     Lair:1 |    8214 |    1123 |  12.0 |      30 |       2 |   6.2
     Lair:2 |    3768 |    1931 |  33.9 |      14 |       8 |  36.4
     Lair:3 |    3636 |    4247 |  53.9 |      21 |       9 |  30.0
     Lair:4 |    5278 |    3000 |  36.2 |      27 |       7 |  20.6
     Lair:5 |    9057 |    1296 |  12.5 |      22 |      12 |  35.3
     Lair:6 |   14884 |    5216 |  26.0 |      43 |      15 |  25.9
            +---------+---------+-------+---------+---------+-------

Levels and vault maps discovered:
D:1:      eino_arrival_tree_alley, layout_basic
D:2:      layout_loops_ring, serial_bayou_ford_a, minmay_tripent
D:3:      layout_loops_ring, uniq_natasha, uniq_robin, uniq_terence
D:4:      layout_basic, serial_corexii_hall, chequers_hall_statues_wall_a,
          corexii_hall_statues_l, minmay_manual_mail
D:5:      layout_layer_cave, minmay_temple_entry_arrows, first_ration,
          serial_rivers, chequers_serial_rivers_marsh,
          chequers_serial_rivers_micro_e, chequers_serial_rivers_micro_a,
          chequers_serial_rivers_micro_c, chequers_serial_rivers_room_b,
          chequers_serial_rivers_small_b, uniq_crazy_yiuf_cottage
D:6:      layout_basic, chequers_temple_overflow_statue_of_worship,
          uniq_sigmund, uniq_edmund, uniq_grinder
D:7:      layout_gridville, grunt_temple_overflow_bloody_war,
          palyth_temple_overflow_mages, hangedman_minor_gate_pass,
          uniq_prince_ribbit1, uniq_duvessa
D:8:      layout_loops_ring, kennysheep_mini_moat, dpeg_oklobed_lair,
          serial_shops, shop
D:9:      layout_stronghold, xom_redecorated, lemuel_doored_altar, orc_0_dummy,
          serial_shops, shop, basic_altar
D:10:     layout_rooms, blue_anna_alchemist [blue_anna_fruit_fields,
          blue_anna_fruit_fields], uniq_fannar
D:11:     minmay_the_grid_octo_tiled_squarecenter
          [minmay_the_grid_octo_fan_narrow, minmay_the_grid_octo_toaster,
          minmay_the_grid_octo_clover_2, minmay_the_grid_octo_focus,
          minmay_the_grid_square_5x5_megaprize_hollow,
          minmay_the_grid_square_5x5_tetrominoes,
          minmay_the_grid_square_5x5_spiral_small,
          minmay_the_grid_square_5x5_hollow_slash,
          minmay_the_grid_square_5x5_minimal], layout_basic, uniq_urug
D:12:     layout_basic, gauntlet_entry_generic, minmay_guarded_unrand_finisher,
          uniq_psyche
D:13:     layout_gridville, ximxim_vaults_locker_room, basic_altar
D:14:     cross_vault, layout_rooms, nicolae_trove_entry_columns, serial_shops,
          nicolae_shop_window_shopping, minmay_radiant
Temple:   minmay_temple_curvy_loop
Lair:1:   layout_layer_cave, grunt_forest_small_clearings
Lair:2:   layout_big_grid, spider_nest_entry_webs, minmay_lair_oklob_chamber,
          grunt_megastairs_5, uniq_erica
Lair:3:   dragon1_lemuel, layout_regular_city, hangedman_lair_generics_rect,
          uniq_gastronok
Lair:4:   layout_hall_layers, palyth_hydra_swamp_entry, st_stairs_9
Lair:5:   layout_regular_city, nicolae_slime_entry_slimehenge,
          maelrawn_ghost_gauntlet_escape, grunt_megastairs_2
Lair:6:   guppyfry_lair_end_dragon, layout_small_grid, serial_bayou_shore_a,
          uniq_nessos

Table legend:
 A = Turns spent in this place as a percentage of turns spent in the entire game.
 B = Non-inter-level travel turns spent in this place as a percentage of non-inter-level travel turns spent in the entire game.
 C = Inter-level travel turns spent in this place as a percentage of turns spent in this place.
 D = Turns resting spent in this place as a percentage of non-inter-level travel turns spent in this place.
 E = Turns spent auto-exploring this place as a percentage of non-inter-level travel turns spent in this place.
 F = Non-inter-level travel turns spent in this place divided by the number of levels of this place that you've seen.
                   A       B       C       D       E      F
               +-------+-------+-------+-------+-------+----------------------
         Total | 100.0 | 100.0 |   3.5 |  35.7 |  42.6 | 1364.9
       Dungeon |  56.4 |  56.1 |   4.2 |  26.4 |  48.8 | 1148.0
        Temple |   0.7 |   0.6 |  11.3 |   0.0 |  98.9 | 181.0
          Lair |  42.9 |  43.3 |   2.5 |  48.4 |  33.7 | 2068.3
               +-------+-------+-------+-------+-------+----------------------

Table legend:
 A = Kills in this place as a percentage of kills in entire the game.
 B = Kills by you in this place as a percentage of kills by you in the entire game.
 C = Kills by friends in this place as a percentage of kills by friends in the entire game.
 D = Other kills in this place as a percentage of other kills in the entire game.
 E = Experience gained in this place as a percentage of experience gained in the entire game.
 F = Experience gained in this place divided by the number of levels of this place that you have seen.
                   A       B       C       D       E      F
               +-------+-------+-------+-------+-------+----------------------
         Total | 100.0 | 100.0 |   N/A | 100.0 | 100.0 | 5172.4
       Dungeon |  67.1 |  67.3 |   N/A |   0.0 |  43.2 | 3355.1
          Lair |  32.9 |  32.7 |   N/A | 100.0 |  56.8 | 10275.0
               +-------+-------+-------+-------+-------+----------------------
